Philadelphia Phantoms vs Edmonton Oil Kings
Created - Tuesday, April 18, 2023 at 07:05
Goals
|
| Philadelphia Phantoms |
0 |
1 |
1 |
0 |
2 |
| Edmonton Oil Kings |
0 |
2 |
0 |
1 |
3 |
|
Shots
|
| Philadelphia Phantoms |
13 |
13 |
7 |
2 |
35 |
| Edmonton Oil Kings |
19 |
14 |
8 |
2 |
43 |
|
1st period
No Goal
Penalties :
Tyson Foerster (PHI) for Holding (Minor) at 0:00
2nd period
1. Edmonton Oil Kings , Morgan Barron 1 (Joey Anderson 7) at 4:39
2. Edmonton Oil Kings , Dillon Dube 15 (Noah Gregor 19) at 5:11
3. Philadelphia Phantoms , Alexander Holtz 14 (William Borgen 5, Nick Cousins 20) at 7:23
Penalties :
Brett Kulak (EOK) for Fighting (Major) at 5:40, Casey Fitzgerald (PHI) for Fighting (Major) at 5:40, Nathan Bastian (PHI) for Roughing (Minor) at 15:52
3rd period
4. Philadelphia Phantoms , Adam Ruzicka 7 (Jaret Anderson-Dolan 18) at 4:58 (PP)
Penalties :
Dylan Holloway (EOK) for Tripping (Minor) at 4:55, Alex Steeves (PHI) for Diving (Minor) at 10:17
Overtime #1
5. Edmonton Oil Kings , Dillon Dube 16 (Dysin Mayo 20, Ryan McLeod 21) at 4:52
Penalties :
No Penalty
Goalie Stats
Connor Ingram (PHI), 40 saves from 43 shots - (0.930), OTL, 10-6-4, 64:52 minutes
Karel Vejmelka (EOK), 33 saves from 35 shots - (0.943), W, 10-3-1, 64:52 minutes
Players Stats for Philadelphia Phantoms
Player Name G A P +/- PIM S H SB GA TA FO MP PP MP PK MP
------------------------------------------------------------------------------------
Adam Ruzicka 1 0 1 0 0 5 3 0 0 1 0/1 13:08 0:03 0:00
Alex Steeves 0 0 0 0 2 2 0 1 1 2 4/8 14:34 0:00 1:58
Alexander Holtz 1 0 1 1 0 2 0 0 0 1 0/1 16:27 0:00 2:27
Blake Lizotte 0 0 0 1 0 3 0 0 1 2 7/16 18:26 0:00 2:42
Brad Hunt 0 0 0 1 0 0 0 0 0 1 0/0 22:47 0:00 0:00
Brett Murray 0 0 0 0 0 1 1 1 0 1 0/0 15:38 0:00 1:28
Casey Fitzgerald 0 0 0 0 5 0 3 1 0 0 0/0 17:45 0:00 3:09
Derrick Pouliot 0 0 0 -3 0 1 0 1 0 1 0/0 24:19 0:03 2:49
Erik Gustafsson 0 0 0 -3 0 0 1 2 1 1 0/0 20:33 0:03 0:00
Jaret Anderson-Dolan 0 1 1 -1 0 5 0 0 0 0 6/12 16:12 0:03 1:15
Mason Shaw 0 0 0 -2 0 2 3 0 1 1 5/11 14:24 0:00 0:00
Matt Luff 0 0 0 0 0 1 2 1 0 1 0/0 13:44 0:00 0:00
Nathan Bastian 0 0 0 -1 2 4 4 0 0 0 0/0 17:14 0:03 1:53
Nick Cousins 0 1 1 1 0 4 2 0 0 0 0/1 15:29 0:00 0:13
Noah Juulsen 0 0 0 0 0 0 5 3 0 1 0/0 25:02 0:00 3:09
Otto Koivula 0 0 0 -2 0 2 2 0 0 1 0/0 14:20 0:00 0:00
Tyson Foerster 0 0 0 -2 2 2 0 0 1 0 0/0 14:08 0:00 0:00
William Borgen 0 1 1 1 0 1 1 1 0 0 0/0 19:17 0:00 2:49
Players Stats for Edmonton Oil Kings
Player Name G A P +/- PIM S H SB GA TA FO MP PP MP PK MP
------------------------------------------------------------------------------------
Brett Kulak 0 0 0 1 5 4 6 0 0 2 0/0 23:41 2:36 0:00
Connor McMichael 0 0 0 0 0 1 1 0 0 0 0/0 10:22 0:10 0:00
Dawson Mercer 0 0 0 0 0 4 1 0 1 0 1/2 22:03 3:09 0:00
Dillon Dube 2 0 2 1 0 5 1 1 3 0 1/1 20:29 2:50 0:00
Dylan Holloway 0 0 0 0 2 0 0 0 0 0 3/7 15:15 0:00 0:00
Dysin Mayo 0 1 1 1 0 0 3 1 1 1 0/0 24:42 3:22 0:03
Filip Zadina 0 0 0 0 0 6 1 0 2 0 0/2 20:27 2:45 0:00
Gabriel Carlsson 0 0 0 1 0 0 2 1 1 1 0/0 24:53 2:36 0:00
Jack Johnson 0 0 0 0 0 0 4 4 0 1 0/0 22:40 0:00 0:03
Joey Anderson 0 1 1 1 0 3 2 0 2 0 0/0 14:26 2:45 0:00
Josh Mahura 0 0 0 1 0 1 1 0 0 0 0/0 17:14 3:21 0:00
Julien Gauthier 0 0 0 0 0 4 0 0 1 0 0/0 9:50 0:00 0:00
Libor Hajek 0 0 0 0 0 2 0 2 0 0 0/0 16:33 0:01 0:00
Morgan Barron 1 0 1 1 0 3 1 0 0 0 0/0 12:28 0:00 0:00
Nikita Alexandrov 0 0 0 0 0 0 2 0 0 0 1/2 10:39 0:27 0:00
Noah Gregor 0 1 1 0 0 4 4 1 1 0 0/1 19:25 3:03 0:03
Ryan McLeod 0 1 1 1 0 4 1 0 1 0 20/31 22:45 2:45 0:03
Tyler Angle 0 0 0 1 0 2 1 1 1 0 2/4 11:31 0:00 0:00
3 Stars
1 - Dillon Dube (EOK)
2 - Karel Vejmelka (EOK)
3 - Morgan Barron (EOK)
Power Play
Philadelphia Phantoms - 1 on 1 Attempt(s) - 100.00%
Edmonton Oil Kings - 0 on 3 Attempt(s) - 0.00%
Penalty Kill
Philadelphia Phantoms - 3 on 3 Attempt(s) - 100.00%
- Score 0 goal in Penalty Kill
Edmonton Oil Kings - 0 on 1 Attempt(s) - 0.00%
- Score 0 goal in Penalty Kill
Team Stat
Philadelphia Phantoms - Hits : 27 - Faceoff Wins : 22 - Blocked Shots : 11 - Penalty Minutes : 11
Edmonton Oil Kings - Hits : 31 - Faceoff Wins : 28 - Blocked Shots : 11 - Penalty Minutes : 7
Official
Referees : Chris Lee and Dennis LaRue
Linesman : Ryan Gibbons and Devin Berg
Game Notes
Brett Kulak beats up Casey Fitzgerald at 5:40 of 2nd period
Philadelphia Phantoms
5 vs 5 Forward
Center Left Wing Right Wing Time % Phy DF OF
1 Blake Lizotte Nick Cousins Alexander Holtz 25 0 3 2
2 Jaret Anderson-Dolan Brett Murray Nathan Bastian 25 0 3 2
3 Mason Shaw Otto Koivula Tyson Foerster 25 0 3 2
4 Alex Steeves Adam Ruzicka Matt Luff 25 0 3 2
5 vs 5 Defense
Defense Defense Time % Phy DF OF
1 Erik Gustafsson Derrick Pouliot 35 0 3 2
2 Brad Hunt Noah Juulsen 35 0 3 2
3 William Borgen Casey Fitzgerald 30 0 3 2
4 Erik Gustafsson Derrick Pouliot 0 0 3 2
PowerPlay Forward
Center Left Wing Right Wing Time % Phy DF OF
1 Jaret Anderson-Dolan Adam Ruzicka Nathan Bastian 50 0 1 4
2 Blake Lizotte Nick Cousins Alexander Holtz 50 0 1 4
PowerPlay Defense
Defense Defense Time % Phy DF OF
1 Erik Gustafsson Derrick Pouliot 50 0 1 4
2 Brad Hunt Noah Juulsen 50 0 1 4
Penalty Kill 4 Players Forward
Center Wing Time % Phy DF OF
1 Blake Lizotte Alexander Holtz 50 0 4 1
2 Alex Steeves Nathan Bastian 50 0 4 1
Penalty Kill 4 Players Defense
Defense Defense Time % Phy DF OF
1 Noah Juulsen Casey Fitzgerald 50 0 4 1
2 Derrick Pouliot William Borgen 50 0 4 1
Penalty Kill - 3 Players Forward
Forward Time % Phy DF OF
1 Blake Lizotte 50 0 5 0
2 Nathan Bastian 50 0 5 0
Penalty Kill - 3 Players Defense
Defense Defense Time % Phy DF OF
1 Noah Juulsen Casey Fitzgerald 55 0 5 0
2 Derrick Pouliot William Borgen 45 0 5 0
4 vs 4 Forward
Center Wing Time % Phy DF OF
1 Blake Lizotte Nick Cousins 50 0 3 2
2 Jaret Anderson-Dolan Nathan Bastian 50 0 3 2
4 vs 4 Defense
Defense Defense Time % Phy DF OF
1 Erik Gustafsson Derrick Pouliot 50 0 3 2
2 Brad Hunt Noah Juulsen 50 0 3 2
Last Minutes Offensive
Center Left Wing Right Wing Defense Defense
Blake Lizotte Nick Cousins Nathan Bastian Erik Gustafsson Derrick Pouliot
Last Minutes Defensive
Center Left Wing Right Wing Defense Defense
Blake Lizotte Alexander Holtz Nathan Bastian Noah Juulsen Casey Fitzgerald
Goaltenders
Starting : Connor Ingram
Backup : Dereck Baribeau
Extra Forwards
Normal : Mason Shaw, Tyson Foerster, Brett Murray - PP : Mason Shaw, Tyson Foerster - PK : Brett Murray
Extra Defensemen
Normal : Derrick Pouliot, Brad Hunt, William Borgen - PP : Derrick Pouliot - PK : Brad Hunt, William Borgen
Penalty Shots
Blake Lizotte, Nick Cousins, Nathan Bastian, Jaret Anderson-Dolan, Alexander Holtz
Edmonton Oil Kings
5 vs 5 Forward
Center Left Wing Right Wing Time % Phy DF OF
1 Ryan McLeod Filip Zadina Dawson Mercer 40 0 2 3
2 Dylan Holloway Noah Gregor Dillon Dube 30 0 2 3
3 Tyler Angle Morgan Barron Joey Anderson 20 0 2 3
4 Nikita Alexandrov Connor McMichael Julien Gauthier 10 0 2 3
5 vs 5 Defense
Defense Defense Time % Phy DF OF
1 Dysin Mayo Jack Johnson 40 1 3 1
2 Brett Kulak Gabriel Carlsson 40 1 4 0
3 Libor Hajek Josh Mahura 20 1 3 1
4 Dysin Mayo Jack Johnson 0 1 2 2
PowerPlay Forward
Center Left Wing Right Wing Time % Phy DF OF
1 Dawson Mercer Noah Gregor Dillon Dube 60 0 0 5
2 Ryan McLeod Filip Zadina Joey Anderson 40 0 1 4
PowerPlay Defense
Defense Defense Time % Phy DF OF
1 Dysin Mayo Josh Mahura 60 0 1 4
2 Brett Kulak Gabriel Carlsson 40 0 1 4
Penalty Kill 4 Players Forward
Center Wing Time % Phy DF OF
1 Ryan McLeod Noah Gregor 60 1 4 0
2 Dawson Mercer Dillon Dube 40 1 4 0
Penalty Kill 4 Players Defense
Defense Defense Time % Phy DF OF
1 Dysin Mayo Jack Johnson 60 1 4 0
2 Brett Kulak Libor Hajek 40 1 4 0
Penalty Kill - 3 Players Forward
Forward Time % Phy DF OF
1 Ryan McLeod 60 1 4 0
2 Noah Gregor 40 1 4 0
Penalty Kill - 3 Players Defense
Defense Defense Time % Phy DF OF
1 Dysin Mayo Jack Johnson 60 1 4 0
2 Brett Kulak Libor Hajek 40 1 4 0
4 vs 4 Forward
Center Wing Time % Phy DF OF
1 Ryan McLeod Dillon Dube 60 0 2 3
2 Dawson Mercer Noah Gregor 40 0 2 3
4 vs 4 Defense
Defense Defense Time % Phy DF OF
1 Dysin Mayo Jack Johnson 60 0 3 2
2 Brett Kulak Josh Mahura 40 0 2 3
Last Minutes Offensive
Center Left Wing Right Wing Defense Defense
Ryan McLeod Dillon Dube Dawson Mercer Dysin Mayo Jack Johnson
Last Minutes Defensive
Center Left Wing Right Wing Defense Defense
Ryan McLeod Noah Gregor Dillon Dube Dysin Mayo Jack Johnson
Goaltenders
Starting : Karel Vejmelka
Backup : Adam Huska
Extra Forwards
Normal : Nikita Alexandrov, Connor McMichael, Julien Gauthier - PP : Nikita Alexandrov, Connor McMichael - PK : Julien Gauthier
Extra Defensemen
Normal : Libor Hajek, Josh Mahura, Brett Kulak - PP : Libor Hajek - PK : Josh Mahura, Brett Kulak
Penalty Shots
Dawson Mercer, Dillon Dube, Noah Gregor, Filip Zadina, Ryan McLeod
% Time on Ice - Philadelphia Phantoms
Lines # - Real PCT - Wanted PCT - Time Play
Normal Forward
1 - 27% - 25% - 14:22
2 - 28% - 25% - 15:02
3 - 23% - 25% - 12:12
4 - 23% - 25% - 12:23
Normal Defense
1 - 34% - 35% - 18:29
2 - 35% - 35% - 19:07
3 - 30% - 30% - 16:13
4 - 0% - 0% - 0:10
PP Forward
1 - 100% - 50% - 0:03
2 - 0% - 50% - 0:00
PP Defense
1 - 100% - 50% - 0:03
2 - 0% - 50% - 0:00
PK Forward
1 - 41% - 50% - 2:27
2 - 59% - 50% - 3:31
PK Defense
1 - 53% - 50% - 3:09
2 - 47% - 50% - 2:49
PK3 Forward
1 - 0% - 50%
2 - 0% - 50%
PK3 Defense
1 - 0% - 55%
2 - 0% - 45%
44 Forward
1 - 56% - 50% - 2:43
2 - 44% - 50% - 2:09
44 Defense
1 - 48% - 50% - 2:20
2 - 52% - 50% - 2:32
Last Minute Offensive - 0:00
Last Minute Defensive - 0:00
Total
Forward - 64:52
Defense - 64:52
|
% Time on Ice - Edmonton Oil Kings
Lines # - Real PCT - Wanted PCT - Time Play
Normal Forward
1 - 34% - 40% - 18:14
2 - 30% - 30% - 16:06
3 - 21% - 20% - 11:31
4 - 15% - 10% - 8:08
Normal Defense
1 - 38% - 40% - 20:17
2 - 40% - 40% - 21:43
3 - 22% - 20% - 11:59
4 - 0% - 0% - 0:00
PP Forward
1 - 54% - 60% - 3:13
2 - 46% - 40% - 2:45
PP Defense
1 - 56% - 60% - 3:22
2 - 44% - 40% - 2:36
PK Forward
1 - 100% - 60% - 0:03
2 - 0% - 40% - 0:00
PK Defense
1 - 100% - 60% - 0:03
2 - 0% - 40% - 0:00
PK3 Forward
1 - 0% - 60%
2 - 0% - 40%
PK3 Defense
1 - 0% - 60%
2 - 0% - 40%
44 Forward
1 - 81% - 60% - 3:57
2 - 19% - 40% - 0:55
44 Defense
1 - 64% - 60% - 3:07
2 - 36% - 40% - 1:45
Last Minute Offensive - 0:00
Last Minute Defensive - 0:00
Total
Forward - 64:52
Defense - 64:52
|
Play-by-Play
1st period
0:01 of 1st period - Ryan McLeod wins face-off versus Blake Lizotte in neutral zone.
1:08 of 1st period - Tyler Angle is hit by Matt Luff and loses puck.
1:17 of 1st period - Slapshot by Adam Ruzicka.
1:17 of 1st period - Stopped by Karel Vejmelka with a rebound.
2:12 of 1st period - Mason Shaw is hit by Jack Johnson and loses puck.
3:00 of 1st period - Wrist shot by Joey Anderson.
3:00 of 1st period - Shot Hit the Post.
4:19 of 1st period - Alexander Holtz is hit by Morgan Barron.
4:47 of 1st period - Slapshot by Nathan Bastian.
4:47 of 1st period - Stopped by Karel Vejmelka without a rebound.
4:48 of 1st period - Alex Steeves wins face-off versus Ryan McLeod in Edmonton Oil Kings zone.
4:53 of 1st period - Wrist shot by Adam Ruzicka.
4:53 of 1st period - Stopped by Karel Vejmelka with a rebound.
4:55 of 1st period - Snap shot by Matt Luff.
4:55 of 1st period - Stopped by Karel Vejmelka with a rebound.
4:57 of 1st period - Slapshot by Derrick Pouliot.
4:57 of 1st period - Stopped by Karel Vejmelka with a rebound.
5:17 of 1st period - Dylan Holloway is hit by Otto Koivula and loses puck.
5:32 of 1st period - Libor Hajek is hit by Noah Juulsen and loses puck.
6:21 of 1st period - Wrist shot by Jaret Anderson-Dolan.
6:21 of 1st period - Stopped by Karel Vejmelka without a rebound.
6:22 of 1st period - Alex Steeves wins face-off versus Ryan McLeod in Edmonton Oil Kings zone.
6:25 of 1st period - Wrist shot by Alex Steeves.
6:25 of 1st period - Shot Misses the Net.
6:47 of 1st period - Brad Hunt is hit by Brett Kulak and loses puck.
6:56 of 1st period - Snap shot by Tyson Foerster.
6:56 of 1st period - Stopped by Karel Vejmelka with a rebound.
7:16 of 1st period - Derrick Pouliot is hit by Nikita Alexandrov.
7:26 of 1st period - Brett Murray is hit by Jack Johnson and loses puck.
7:53 of 1st period - Alex Steeves is hit by Joey Anderson and loses puck.
8:00 of 1st period - Joey Anderson is hit by Adam Ruzicka and loses puck.
8:13 of 1st period - Snap shot by Julien Gauthier.
8:13 of 1st period - Shot Misses the Net.
8:15 of 1st period - Slapshot by Brett Kulak.
8:15 of 1st period - Stopped by Connor Ingram without a rebound.
8:16 of 1st period - Nikita Alexandrov wins face-off versus Blake Lizotte in Philadelphia Phantoms zone.
8:27 of 1st period - Slapshot by Nick Cousins.
8:27 of 1st period - Stopped by Karel Vejmelka with a rebound.
8:29 of 1st period - Slapshot by Nick Cousins.
8:29 of 1st period - Stopped by Karel Vejmelka with a rebound.
8:31 of 1st period - Slapshot by Brad Hunt.
8:31 of 1st period - Shot Blocked by Libor Hajek.
9:00 of 1st period - Wrist shot by Julien Gauthier.
9:00 of 1st period - Shot Blocked by Noah Juulsen.
9:06 of 1st period - Snap shot by Julien Gauthier.
9:06 of 1st period - Stopped by Connor Ingram with a rebound.
9:08 of 1st period - Slapshot by Gabriel Carlsson.
9:08 of 1st period - Shot Misses the Net.
9:10 of 1st period - Snap shot by Nikita Alexandrov.
9:10 of 1st period - Shot Blocked by Alex Steeves.
9:12 of 1st period - Slapshot by Brett Kulak.
9:12 of 1st period - Shot Blocked by Noah Juulsen.
9:14 of 1st period - Slapshot by Brett Kulak.
9:14 of 1st period - Stopped by Connor Ingram without a rebound.
9:15 of 1st period - Mason Shaw wins face-off versus Dawson Mercer in Philadelphia Phantoms zone.
9:20 of 1st period - Snap shot by Dawson Mercer.
9:20 of 1st period - Shot Blocked by William Borgen.
10:13 of 1st period - Icing by Jack Johnson.
10:14 of 1st period - Tyler Angle wins face-off versus Mason Shaw in Edmonton Oil Kings zone.
10:57 of 1st period - Jack Johnson is hit by Matt Luff.
11:20 of 1st period - Backhand shot by Morgan Barron.
11:20 of 1st period - Stopped by Connor Ingram with a rebound.
11:28 of 1st period - Tyler Angle is hit by Noah Juulsen and loses puck.
12:03 of 1st period - Snap shot by Noah Gregor.
12:03 of 1st period - Shot Blocked by Casey Fitzgerald.
12:05 of 1st period - Slapshot by Jack Johnson.
12:05 of 1st period - Shot Misses the Net.
12:07 of 1st period - Slapshot by Dysin Mayo.
12:07 of 1st period - Shot Misses the Net.
12:09 of 1st period - Snap shot by Dysin Mayo.
12:09 of 1st period - Shot Misses the Net.
12:28 of 1st period - Snap shot by Alex Steeves.
12:28 of 1st period - Stopped by Karel Vejmelka without a rebound.
12:29 of 1st period - Jaret Anderson-Dolan wins face-off versus Ryan McLeod in Edmonton Oil Kings zone.
12:32 of 1st period - Snap shot by Jaret Anderson-Dolan.
12:32 of 1st period - Stopped by Karel Vejmelka with a rebound.
12:34 of 1st period - Slapshot by Nathan Bastian.
12:34 of 1st period - Stopped by Karel Vejmelka with a rebound.
12:36 of 1st period - Wrist shot by Brett Murray.
12:36 of 1st period - Shot Misses the Net.
12:54 of 1st period - Slapshot by Matt Luff.
12:54 of 1st period - Shot Misses the Net.
13:00 of 1st period - Wrist shot by Dawson Mercer.
13:00 of 1st period - Stopped by Connor Ingram without a rebound.
13:01 of 1st period - Alex Steeves wins face-off versus Dylan Holloway in Philadelphia Phantoms zone.
13:46 of 1st period - Wrist shot by Filip Zadina.
13:46 of 1st period - Stopped by Connor Ingram with a rebound.
13:48 of 1st period - Slapshot by Josh Mahura.
13:48 of 1st period - Stopped by Connor Ingram with a rebound.
14:20 of 1st period - Snap shot by Nathan Bastian.
14:20 of 1st period - Shot Misses the Net.
14:26 of 1st period - Slapshot by Joey Anderson.
14:26 of 1st period - Stopped by Connor Ingram without a rebound.
14:27 of 1st period - Jaret Anderson-Dolan wins face-off versus Ryan McLeod in Philadelphia Phantoms zone.
14:34 of 1st period - Slapshot by Jaret Anderson-Dolan.
14:34 of 1st period - Shot Misses the Net.
14:40 of 1st period - Brett Murray is hit by Ryan McLeod and loses puck.
14:53 of 1st period - Snap shot by Dillon Dube.
14:53 of 1st period - Stopped by Connor Ingram without a rebound.
14:54 of 1st period - Dylan Holloway wins face-off versus Blake Lizotte in Philadelphia Phantoms zone.
15:09 of 1st period - Dylan Holloway is hit by William Borgen and loses puck.
15:26 of 1st period - Snap shot by Dawson Mercer.
15:26 of 1st period - Stopped by Connor Ingram with a rebound.
15:28 of 1st period - Snap shot by Dawson Mercer.
15:28 of 1st period - Deflect By Mason Shaw.
15:28 of 1st period - Shot Misses the Net.
15:28 of 1st period - Puck is out of play.
15:29 of 1st period - Ryan McLeod wins face-off versus Mason Shaw in Philadelphia Phantoms zone.
15:32 of 1st period - Wrist shot by Dawson Mercer.
15:32 of 1st period - Shot Misses the Net.
15:46 of 1st period - Snap shot by Filip Zadina.
15:46 of 1st period - Stopped by Connor Ingram without a rebound.
15:47 of 1st period - Blake Lizotte wins face-off versus Dylan Holloway in Philadelphia Phantoms zone.
15:54 of 1st period - Slapshot by Nick Cousins.
15:54 of 1st period - Shot Misses the Net.
16:02 of 1st period - Snap shot by Nick Cousins.
16:02 of 1st period - Deflect By Blake Lizotte.
16:02 of 1st period - Stopped by Karel Vejmelka with a rebound.
16:14 of 1st period - Jaret Anderson-Dolan is hit by Brett Kulak and loses puck.
16:21 of 1st period - Snap shot by Dawson Mercer.
16:21 of 1st period - Shot Misses the Net.
16:23 of 1st period - Slapshot by Ryan McLeod.
16:23 of 1st period - Stopped by Connor Ingram with a rebound.
16:25 of 1st period - Snap shot by Filip Zadina.
16:25 of 1st period - Shot Blocked by Brett Murray.
16:45 of 1st period - Snap shot by Julien Gauthier.
16:45 of 1st period - Stopped by Connor Ingram with a rebound.
16:47 of 1st period - Wrist shot by Libor Hajek.
16:47 of 1st period - Shot Misses the Net.
16:57 of 1st period - Josh Mahura is hit by Mason Shaw and loses puck.
17:04 of 1st period - Mason Shaw is hit by Tyler Angle and loses puck.
17:17 of 1st period - Snap shot by Filip Zadina.
17:17 of 1st period - Stopped by Connor Ingram with a rebound.
17:21 of 1st period - Wrist shot by Filip Zadina.
17:21 of 1st period - Shot Blocked by Noah Juulsen.
17:23 of 1st period - Wrist shot by Filip Zadina.
17:23 of 1st period - Stopped by Connor Ingram without a rebound.
17:24 of 1st period - Blake Lizotte wins face-off versus Ryan McLeod in Philadelphia Phantoms zone.
17:38 of 1st period - Wrist shot by Filip Zadina.
17:38 of 1st period - Stopped by Connor Ingram without a rebound.
17:39 of 1st period - Alex Steeves wins face-off versus Dylan Holloway in Philadelphia Phantoms zone.
18:18 of 1st period - Snap shot by Ryan McLeod.
18:18 of 1st period - Shot Misses the Net.
18:20 of 1st period - Snap shot by Filip Zadina.
18:20 of 1st period - Deflect By Ryan McLeod.
18:20 of 1st period - Stopped by Connor Ingram with a rebound.
18:30 of 1st period - Morgan Barron is hit by Otto Koivula.
18:36 of 1st period - Wrist shot by Mason Shaw.
18:36 of 1st period - Shot Blocked by Jack Johnson.
18:55 of 1st period - Libor Hajek is hit by Casey Fitzgerald and loses puck.
19:14 of 1st period - Slapshot by Dillon Dube.
19:14 of 1st period - Stopped by Connor Ingram with a rebound.
19:16 of 1st period - Wrist shot by Noah Gregor.
19:16 of 1st period - Stopped by Connor Ingram without a rebound.
19:17 of 1st period - Ryan McLeod wins face-off versus Blake Lizotte in Philadelphia Phantoms zone.
Goals for this period are 0 for Philadelphia Phantoms vs 0 for Edmonton Oil Kings.
Shots for this period are 13 for Philadelphia Phantoms vs 19 for Edmonton Oil Kings.
0:00 of 2nd period - Minor Penalty to Tyson Foerster for Holding.
2nd period
0:01 of 2nd period - Blake Lizotte wins face-off versus Noah Gregor in neutral zone.
0:18 of 2nd period - Snap shot by Nathan Bastian.
0:18 of 2nd period - Shot Misses the Net.
0:20 of 2nd period - Slapshot by Casey Fitzgerald.
0:20 of 2nd period - Shot Misses the Net.
0:22 of 2nd period - Snap shot by Alex Steeves.
0:22 of 2nd period - Shot Blocked by Dillon Dube.
0:24 of 2nd period - Slapshot by William Borgen.
0:24 of 2nd period - Deflect By Noah Gregor.
0:24 of 2nd period - Stopped by Karel Vejmelka with a rebound.
1:28 of 2nd period - Icing by Gabriel Carlsson.
1:29 of 2nd period - Ryan McLeod wins face-off versus Blake Lizotte in Edmonton Oil Kings zone.
2:00 of 2nd period - Penalty to Tyson Foerster is over, Tyson Foerster is back on ice.
3:00 of 2nd period - Brett Kulak is hit by Mason Shaw.
3:12 of 2nd period - Mason Shaw is hit by Brett Kulak and loses puck.
3:39 of 2nd period - Libor Hajek is hit by Nick Cousins and loses puck.
4:27 of 2nd period - Derrick Pouliot is hit by Noah Gregor.
4:39 of 2nd period - Backhand shot by Morgan Barron.
4:39 of 2nd period - Goal by Morgan Barron - Philadelphia Phantoms : 0 - Edmonton Oil Kings : 1.
4:40 of 2nd period - Ryan McLeod wins face-off versus Alex Steeves in neutral zone.
5:11 of 2nd period - Wrist shot by Noah Gregor.
5:11 of 2nd period - Deflect By Dillon Dube.
5:11 of 2nd period - Goal by Dillon Dube - Philadelphia Phantoms : 0 - Edmonton Oil Kings : 2.
5:12 of 2nd period - Jaret Anderson-Dolan wins face-off versus Ryan McLeod in neutral zone.
5:17 of 2nd period - Ryan McLeod is hit by Brett Murray and loses puck.
5:24 of 2nd period - Snap shot by Nathan Bastian.
5:24 of 2nd period - Shot Misses the Net.
5:38 of 2nd period - Brett Murray is hit by Filip Zadina and loses puck.
5:40 of 2nd period - Brett Kulak beats up Casey Fitzgerald.
5:40 of 2nd period - Penalty to Brett Kulak for Fighting.
5:40 of 2nd period - Penalty to Casey Fitzgerald for Fighting.
5:41 of 2nd period - Ryan McLeod wins face-off versus Mason Shaw in Philadelphia Phantoms zone.
5:44 of 2nd period - Slapshot by Ryan McLeod.
5:44 of 2nd period - Stopped by Connor Ingram without a rebound.
5:45 of 2nd period - Ryan McLeod wins face-off versus Mason Shaw in Philadelphia Phantoms zone.
5:58 of 2nd period - Wrist shot by Dawson Mercer.
5:58 of 2nd period - Shot Misses the Net.
6:00 of 2nd period - Slapshot by Ryan McLeod.
6:00 of 2nd period - Shot Misses the Net.
6:36 of 2nd period - Wrist shot by Blake Lizotte.
6:36 of 2nd period - Shot Misses the Net.
6:38 of 2nd period - Snap shot by Alexander Holtz.
6:38 of 2nd period - Shot Blocked by Tyler Angle.
6:40 of 2nd period - Wrist shot by Blake Lizotte.
6:40 of 2nd period - Stopped by Karel Vejmelka without a rebound.
6:41 of 2nd period - Ryan McLeod wins face-off versus Mason Shaw in Edmonton Oil Kings zone.
6:45 of 2nd period - Off-side.
6:46 of 2nd period - Mason Shaw wins face-off versus Ryan McLeod in neutral zone.
7:13 of 2nd period - Snap shot by Mason Shaw.
7:13 of 2nd period - Shot Misses the Net.
7:15 of 2nd period - Slapshot by Brad Hunt.
7:15 of 2nd period - Shot Misses the Net.
7:17 of 2nd period - Slapshot by Brad Hunt.
7:17 of 2nd period - Shot Misses the Net.
7:19 of 2nd period - Snap shot by Nick Cousins.
7:19 of 2nd period - Shot Blocked by Noah Gregor.
7:21 of 2nd period - Snap shot by William Borgen.
7:21 of 2nd period - Shot Misses the Net.
7:23 of 2nd period - Snap shot by Alexander Holtz.
7:23 of 2nd period - Goal by Alexander Holtz - Philadelphia Phantoms : 1 - Edmonton Oil Kings : 2.
7:24 of 2nd period - Ryan McLeod wins face-off versus Alex Steeves in neutral zone.
7:35 of 2nd period - Slapshot by Dawson Mercer.
7:35 of 2nd period - Stopped by Connor Ingram without a rebound.
7:36 of 2nd period - Ryan McLeod wins face-off versus Jaret Anderson-Dolan in Philadelphia Phantoms zone.
8:03 of 2nd period - Jack Johnson is hit by Noah Juulsen and loses puck.
8:23 of 2nd period - Off-side.
8:24 of 2nd period - Dawson Mercer wins face-off versus Blake Lizotte in neutral zone.
8:27 of 2nd period - Derrick Pouliot is hit by Gabriel Carlsson and loses puck.
9:16 of 2nd period - Gabriel Carlsson is hit by Mason Shaw and loses puck.
9:41 of 2nd period - Icing by Alex Steeves.
9:42 of 2nd period - Ryan McLeod wins face-off versus Alex Steeves in Philadelphia Phantoms zone.
9:57 of 2nd period - Derrick Pouliot is hit by Jack Johnson and loses puck.
10:17 of 2nd period - Wrist shot by Morgan Barron.
10:17 of 2nd period - Stopped by Connor Ingram with a rebound.
10:39 of 2nd period - Snap shot by Nathan Bastian.
10:39 of 2nd period - Stopped by Karel Vejmelka with a rebound.
10:41 of 2nd period - Snap shot by Jaret Anderson-Dolan.
10:41 of 2nd period - Stopped by Karel Vejmelka with a rebound.
10:51 of 2nd period - Erik Gustafsson is hit by Noah Gregor and loses puck.
10:56 of 2nd period - Backhand shot by Dillon Dube.
10:56 of 2nd period - Stopped by Connor Ingram with a rebound.
11:10 of 2nd period - Derrick Pouliot is hit by Gabriel Carlsson and loses puck.
11:33 of 2nd period - Snap shot by Joey Anderson.
11:33 of 2nd period - Stopped by Connor Ingram with a rebound.
11:35 of 2nd period - Wrist shot by Morgan Barron.
11:35 of 2nd period - Shot Misses the Net.
11:53 of 2nd period - Wrist shot by Julien Gauthier.
11:53 of 2nd period - Shot Misses the Net.
12:45 of 2nd period - Tyler Angle is hit by Noah Juulsen and loses puck.
12:50 of 2nd period - Slapshot by Alexander Holtz.
12:50 of 2nd period - Stopped by Karel Vejmelka without a rebound.
12:51 of 2nd period - Ryan McLeod wins face-off versus Jaret Anderson-Dolan in Edmonton Oil Kings zone.
12:56 of 2nd period - Slapshot by Nathan Bastian.
12:56 of 2nd period - Stopped by Karel Vejmelka without a rebound.
12:57 of 2nd period - Ryan McLeod wins face-off versus Jaret Anderson-Dolan in Edmonton Oil Kings zone.
13:07 of 2nd period - Snap shot by Josh Mahura.
13:07 of 2nd period - Deflect By Dawson Mercer.
13:07 of 2nd period - Stopped by Connor Ingram with a rebound.
13:09 of 2nd period - Slapshot by Ryan McLeod.
13:09 of 2nd period - Stopped by Connor Ingram with a rebound.
13:11 of 2nd period - Snap shot by Libor Hajek.
13:11 of 2nd period - Stopped by Connor Ingram with a rebound.
13:13 of 2nd period - Slapshot by Libor Hajek.
13:13 of 2nd period - Stopped by Connor Ingram without a rebound.
13:14 of 2nd period - Blake Lizotte wins face-off versus Dylan Holloway in Philadelphia Phantoms zone.
13:39 of 2nd period - Tyson Foerster is hit by Brett Kulak and loses puck.
13:46 of 2nd period - Slapshot by Tyson Foerster.
13:46 of 2nd period - Stopped by Karel Vejmelka without a rebound.
13:47 of 2nd period - Ryan McLeod wins face-off versus Jaret Anderson-Dolan in Edmonton Oil Kings zone.
13:52 of 2nd period - Snap shot by Nathan Bastian.
13:52 of 2nd period - Deflect By Brett Murray.
13:52 of 2nd period - Shot Misses the Net.
13:52 of 2nd period - Puck is out of play.
13:53 of 2nd period - Jaret Anderson-Dolan wins face-off versus Filip Zadina in Edmonton Oil Kings zone.
13:54 of 2nd period - Snap shot by Nathan Bastian.
13:54 of 2nd period - Shot Misses the Net.
14:22 of 2nd period - Slapshot by Derrick Pouliot.
14:22 of 2nd period - Shot Blocked by Jack Johnson.
14:24 of 2nd period - Snap shot by Mason Shaw.
14:24 of 2nd period - Shot Misses the Net.
14:26 of 2nd period - Wrist shot by Otto Koivula.
14:26 of 2nd period - Stopped by Karel Vejmelka without a rebound.
14:27 of 2nd period - Ryan McLeod wins face-off versus Alexander Holtz in Edmonton Oil Kings zone.
15:18 of 2nd period - Matt Luff is hit by Josh Mahura and loses puck.
15:52 of 2nd period - Minor Penalty to Nathan Bastian for Roughing.
15:53 of 2nd period - Dillon Dube wins face-off versus Blake Lizotte in Philadelphia Phantoms zone.
16:19 of 2nd period - Brett Murray is hit by Joey Anderson and loses puck.
17:52 of 2nd period - Penalty to Nathan Bastian is over, Nathan Bastian is back on ice.
18:02 of 2nd period - Wrist shot by Connor McMichael.
18:02 of 2nd period - Deflect By Blake Lizotte.
18:02 of 2nd period - Stopped by Connor Ingram with a rebound.
18:04 of 2nd period - Wrist shot by Julien Gauthier.
18:04 of 2nd period - Shot Misses the Net.
18:06 of 2nd period - Snap shot by Julien Gauthier.
18:06 of 2nd period - Stopped by Connor Ingram without a rebound.
18:07 of 2nd period - Mason Shaw wins face-off versus Nikita Alexandrov in Philadelphia Phantoms zone.
18:07 of 2nd period - Mason Shaw is hit by Nikita Alexandrov.
18:13 of 2nd period - Slapshot by Erik Gustafsson.
18:13 of 2nd period - Shot Misses the Net.
18:19 of 2nd period - Snap shot by Otto Koivula.
18:19 of 2nd period - Shot Misses the Net.
18:33 of 2nd period - Morgan Barron is hit by Nathan Bastian and loses puck.
19:16 of 2nd period - Snap shot by Mason Shaw.
19:16 of 2nd period - Stopped by Karel Vejmelka with a rebound.
19:18 of 2nd period - Snap shot by Mason Shaw.
19:18 of 2nd period - Stopped by Karel Vejmelka with a rebound.
19:20 of 2nd period - Slapshot by Otto Koivula.
19:20 of 2nd period - Shot Misses the Net.
19:34 of 2nd period - Backhand shot by Julien Gauthier.
19:34 of 2nd period - Stopped by Connor Ingram with a rebound.
19:50 of 2nd period - Dawson Mercer is hit by Adam Ruzicka and loses puck.
19:55 of 2nd period - Slapshot by Alex Steeves.
19:55 of 2nd period - Shot Blocked by Dysin Mayo.
19:57 of 2nd period - Wrist shot by Adam Ruzicka.
19:57 of 2nd period - Stopped by Karel Vejmelka with a rebound.
19:59 of 2nd period - Wrist shot by Alex Steeves.
19:59 of 2nd period - Stopped by Karel Vejmelka without a rebound.
Goals for this period are 1 for Philadelphia Phantoms vs 2 for Edmonton Oil Kings.
Shots for this period are 13 for Philadelphia Phantoms vs 14 for Edmonton Oil Kings.
3rd period
0:01 of 3rd period - Blake Lizotte wins face-off versus Ryan McLeod in neutral zone.
0:26 of 3rd period - Brett Kulak is hit by Adam Ruzicka and loses puck.
0:55 of 3rd period - Slapshot by Nathan Bastian.
0:55 of 3rd period - Shot Misses the Net.
1:50 of 3rd period - Wrist shot by Noah Gregor.
1:50 of 3rd period - Shot Misses the Net.
1:52 of 3rd period - Wrist shot by Dylan Holloway.
1:52 of 3rd period - Deflect By Dillon Dube.
1:52 of 3rd period - Shot Blocked by Matt Luff.
1:52 of 3rd period - Puck is out of play.
1:53 of 3rd period - Ryan McLeod wins face-off versus Jaret Anderson-Dolan in Philadelphia Phantoms zone.
2:04 of 3rd period - Snap shot by Filip Zadina.
2:04 of 3rd period - Shot Misses the Net.
2:06 of 3rd period - Wrist shot by Filip Zadina.
2:06 of 3rd period - Stopped by Connor Ingram with a rebound.
2:08 of 3rd period - Slapshot by Ryan McLeod.
2:08 of 3rd period - Shot Misses the Net.
2:28 of 3rd period - Snap shot by Tyler Angle.
2:28 of 3rd period - Stopped by Connor Ingram with a rebound.
3:21 of 3rd period - Snap shot by Jaret Anderson-Dolan.
3:21 of 3rd period - Stopped by Karel Vejmelka with a rebound.
3:23 of 3rd period - Snap shot by Nathan Bastian.
3:23 of 3rd period - Shot Misses the Net.
3:51 of 3rd period - Dysin Mayo is hit by Casey Fitzgerald and loses puck.
4:40 of 3rd period - Icing by Dawson Mercer.
4:41 of 3rd period - Blake Lizotte wins face-off versus Filip Zadina in Edmonton Oil Kings zone.
4:42 of 3rd period - Snap shot by Nick Cousins.
4:42 of 3rd period - Stopped by Karel Vejmelka with a rebound.
4:44 of 3rd period - Snap shot by Nick Cousins.
4:44 of 3rd period - Stopped by Karel Vejmelka without a rebound.
4:45 of 3rd period - Dylan Holloway wins face-off versus Blake Lizotte in Edmonton Oil Kings zone.
4:50 of 3rd period - Snap shot by Nick Cousins.
4:50 of 3rd period - Shot Blocked by Gabriel Carlsson.
4:55 of 3rd period - Minor Penalty to Dylan Holloway for Tripping.
4:56 of 3rd period - Jaret Anderson-Dolan wins face-off versus Ryan McLeod in Edmonton Oil Kings zone.
4:58 of 3rd period - Wrist shot by Adam Ruzicka.
4:58 of 3rd period - Goal by Adam Ruzicka - Philadelphia Phantoms : 2 - Edmonton Oil Kings : 2.
4:59 of 3rd period - Mason Shaw wins face-off versus Ryan McLeod in neutral zone.
5:26 of 3rd period - Noah Juulsen is hit by Dysin Mayo and loses puck.
6:27 of 3rd period - Slapshot by Blake Lizotte.
6:27 of 3rd period - Stopped by Karel Vejmelka with a rebound.
6:51 of 3rd period - Tyson Foerster is hit by Noah Gregor and loses puck.
7:09 of 3rd period - Off-side.
7:10 of 3rd period - Ryan McLeod wins face-off versus Adam Ruzicka in neutral zone.
7:18 of 3rd period - Off-side.
7:19 of 3rd period - Ryan McLeod wins face-off versus Nick Cousins in neutral zone.
7:38 of 3rd period - Erik Gustafsson is hit by Dawson Mercer.
8:04 of 3rd period - Snap shot by Noah Gregor.
8:04 of 3rd period - Stopped by Connor Ingram with a rebound.
9:35 of 3rd period - Slapshot by Erik Gustafsson.
9:35 of 3rd period - Deflect By Adam Ruzicka.
9:35 of 3rd period - Stopped by Karel Vejmelka without a rebound.
9:36 of 3rd period - Dylan Holloway wins face-off versus Alex Steeves in Edmonton Oil Kings zone.
10:03 of 3rd period - Libor Hajek is hit by Noah Juulsen and loses puck.
10:17 of 3rd period - Minor Penalty to Alex Steeves for Diving.
10:18 of 3rd period - Blake Lizotte wins face-off versus Ryan McLeod in Philadelphia Phantoms zone.
10:44 of 3rd period - Nathan Bastian is hit by Dillon Dube and loses puck.
11:29 of 3rd period - Noah Gregor is hit by Nathan Bastian and loses puck.
12:17 of 3rd period - Penalty to Alex Steeves is over, Alex Steeves is back on ice.
12:31 of 3rd period - Slapshot by Julien Gauthier.
12:31 of 3rd period - Shot Blocked by Erik Gustafsson.
12:34 of 3rd period - Icing by Tyson Foerster.
12:35 of 3rd period - Mason Shaw wins face-off versus Tyler Angle in Philadelphia Phantoms zone.
12:35 of 3rd period - Mason Shaw is hit by Dysin Mayo.
12:40 of 3rd period - Off-side.
12:41 of 3rd period - Jaret Anderson-Dolan wins face-off versus Tyler Angle in neutral zone.
13:30 of 3rd period - Casey Fitzgerald is hit by Brett Kulak and loses puck.
13:47 of 3rd period - Noah Gregor is hit by Casey Fitzgerald and loses puck.
14:08 of 3rd period - Snap shot by Nick Cousins.
14:08 of 3rd period - Shot Misses the Net.
14:42 of 3rd period - Snap shot by Dillon Dube.
14:42 of 3rd period - Deflect By Noah Gregor.
14:42 of 3rd period - Stopped by Connor Ingram with a rebound.
14:44 of 3rd period - Wrist shot by Noah Gregor.
14:44 of 3rd period - Shot Blocked by Erik Gustafsson.
14:46 of 3rd period - Snap shot by Brett Kulak.
14:46 of 3rd period - Deflect By Derrick Pouliot.
14:46 of 3rd period - Stopped by Connor Ingram with a rebound.
14:48 of 3rd period - Slapshot by Gabriel Carlsson.
14:48 of 3rd period - Shot Misses the Net.
14:50 of 3rd period - Snap shot by Noah Gregor.
14:50 of 3rd period - Stopped by Connor Ingram without a rebound.
14:51 of 3rd period - Ryan McLeod wins face-off versus Jaret Anderson-Dolan in Philadelphia Phantoms zone.
14:54 of 3rd period - Wrist shot by Filip Zadina.
14:54 of 3rd period - Shot Misses the Net.
15:14 of 3rd period - Jack Johnson is hit by Nathan Bastian and loses puck.
15:29 of 3rd period - Snap shot by Jaret Anderson-Dolan.
15:29 of 3rd period - Stopped by Karel Vejmelka without a rebound.
15:30 of 3rd period - Tyler Angle wins face-off versus Mason Shaw in Edmonton Oil Kings zone.
17:02 of 3rd period - Erik Gustafsson is hit by Brett Kulak and loses puck.
18:52 of 3rd period - Wrist shot by Joey Anderson.
18:52 of 3rd period - Stopped by Connor Ingram with a rebound.
18:54 of 3rd period - Wrist shot by Tyler Angle.
18:54 of 3rd period - Stopped by Connor Ingram with a rebound.
Goals for this period are 1 for Philadelphia Phantoms vs 0 for Edmonton Oil Kings.
Shots for this period are 7 for Philadelphia Phantoms vs 8 for Edmonton Oil Kings.
Overtime #1
0:01 of 1st overtime period - Ryan McLeod wins face-off versus Blake Lizotte in neutral zone.
0:26 of 1st overtime period - Ryan McLeod is hit by Erik Gustafsson and loses puck.
1:54 of 1st overtime period - Nathan Bastian is hit by Dysin Mayo and loses puck.
2:13 of 1st overtime period - Derrick Pouliot is hit by Noah Gregor and loses puck.
3:07 of 1st overtime period - Noah Juulsen is hit by Connor McMichael and loses puck.
3:20 of 1st overtime period - Noah Juulsen is hit by Jack Johnson and loses puck.
3:39 of 1st overtime period - Snap shot by Noah Gregor.
3:39 of 1st overtime period - Shot Misses the Net.
3:45 of 1st overtime period - Snap shot by Brett Murray.
3:45 of 1st overtime period - Stopped by Karel Vejmelka with a rebound.
3:47 of 1st overtime period - Snap shot by Otto Koivula.
3:47 of 1st overtime period - Stopped by Karel Vejmelka with a rebound.
3:49 of 1st overtime period - Slapshot by Brad Hunt.
3:49 of 1st overtime period - Shot Blocked by Jack Johnson.
3:51 of 1st overtime period - Snap shot by Brett Murray.
3:51 of 1st overtime period - Shot Hit the Post.
3:53 of 1st overtime period - Snap shot by Otto Koivula.
3:53 of 1st overtime period - Shot Blocked by Libor Hajek.
3:55 of 1st overtime period - Slapshot by Noah Juulsen.
3:55 of 1st overtime period - Shot Blocked by Jack Johnson.
4:09 of 1st overtime period - Dillon Dube is hit by Nick Cousins and loses puck.
4:24 of 1st overtime period - Ryan McLeod is hit by Nathan Bastian and loses puck.
4:31 of 1st overtime period - Slapshot by Libor Hajek.
4:31 of 1st overtime period - Shot Misses the Net.
4:38 of 1st overtime period - Snap shot by Dillon Dube.
4:38 of 1st overtime period - Shot Blocked by Derrick Pouliot.
4:40 of 1st overtime period - Snap shot by Brett Kulak.
4:40 of 1st overtime period - Deflect By Erik Gustafsson.
4:40 of 1st overtime period - Stopped by Connor Ingram with a rebound.
4:48 of 1st overtime period - Snap shot by Ryan McLeod.
4:48 of 1st overtime period - Shot Misses the Net.
4:52 of 1st overtime period - Wrist shot by Dillon Dube.
4:52 of 1st overtime period - Goal by Dillon Dube - Philadelphia Phantoms : 2 - Edmonton Oil Kings : 3.
Goals for this period are 0 for Philadelphia Phantoms vs 1 for Edmonton Oil Kings.
Shots for this period are 2 for Philadelphia Phantoms vs 2 for Edmonton Oil Kings.
Back to the Top